 Dungeon Crawl Stone Soup version 0.29.1-1-gd02db6906a (webtiles) character file.

Game seed: 8668221987148373847

2397 mortz the Thaumaturge (level 9, -1/48 HPs)
             Began as a Deep Elf Conjurer on Sept 20, 2022.
             Was an Initiate of Gozag.
             Slain by a two-headed ogre
             ... wielding a +0 giant club
              (19 damage)
             ... on level 7 of the Dungeon.
             The game lasted 00:44:01 (8661 turns).

mortz the Thaumaturge (Deep Elf Conjurer)           Turns: 8661, Time: 00:44:04

Health: -1/48      AC:  4    Str:  4    XL:     9   Next: 22%
Magic:  24/24      EV: 12    Int: 24    God:    Gozag
Gold:   318        SH:  0    Dex: 13    Spells: 19/26 levels left

rFire   . . .      SeeInvis .   k - +8 dagger "Mesch" {vorpal, rElec Will+++ Int-4}
rCold   . . .      Faith    .   (no shield)
rNeg    . . .      Spirit   .   x - +0 leather armour {rPois}
rPois   +          Reflect  .   (no helmet)
rElec   +          Harm     .   (no cloak)
rCorr   .          Rampage  .   (no gloves)
Will    +++..                   s - +0 pair of boots
Stlth   ++++......              (no amulet)
HPRegen 0.16/turn               (no ring)
MPRegen 0.19/turn               (no ring)

@: no status effects
A: no striking features
a: Renounce Religion, Potion Petition, Call Merchant, Bribe Branch


You were on level 7 of the Dungeon.
You worshipped Gozag.
Gozag was aware of your devotion.
You visited 1 branch of the dungeon, and saw 7 of its levels.

You collected 462 gold pieces.
You paid 144 gold pieces to Gozag.

Inventory:

Hand Weapons
 i - a +2 short sword of freezing
 j - a +0 dagger
 k - the +8 dagger "Mesch" (weapon) {vorpal, rElec Will+++ Int-4}
   (You found it on level 2 of the Dungeon)

   It inflicts extra damage upon your enemies.
   Int:       It affects your intelligence (-4).
   rElec:     It insulates you from electricity.
   Will:      It greatly increases your willpower.
 t - the +12 glaive of Prune {vorpal}
   (You found it on level 7 of the Dungeon)

   It inflicts extra damage upon your enemies.
   It halves damage taken while paralysed, petrified or unconscious.
 u - a +1 vorpal long sword
 v - a +0 hand axe
 C - a +2 falchion of holy wrath
Armour
 a - a +0 robe
 s - a +0 pair of boots (worn)
 x - a +0 leather armour of poison resistance (worn)
Jewellery
 c - an amulet of guardian spirit
Wands
 d - a wand of flame (16)
 h - a wand of polymorph (4)
 z - a wand of paralysis (10)
Scrolls
 g - 3 scrolls of magic mapping
 o - 2 scrolls of blinking
 p - 3 scrolls of teleportation
 y - a scroll of fear
 A - a scroll of poison {unknown}
 D - a scroll of noise {unknown}
Potions
 b - a potion of magic
 e - 3 potions of lignification
 f - 4 potions of curing
 l - a potion of brilliance {unknown}
 m - a potion of invisibility {unknown}
 n - 3 potions of mutation
 q - a potion of might {unknown}
 r - a potion of haste {unknown}
 w - a potion of resistance {unknown}
 B - a potion of attraction {unknown}


   Skills:
 + Level 1.9 Fighting
 + Level 2.7 Short Blades
 + Level 4.0 Dodging
 + Level 8.6 Stealth
 + Level 9.0 Spellcasting
 + Level 7.5 Conjurations
 * Level 3.8 Translocations
 + Level 1.3 Evocations


You had 19 spell levels left.
You knew the following spells:

 Your Spells              Type           Power      Damage    Failure   Level
a - Magic Dart            Conj           100%       1d8       1%          1
b - Searing Ray           Conj           94%        2d7       1%          2
c - Iskenderun's Mystic   Conj/Tloc      38%        2d9       10%         4

Your spell library contained the following spells:

 Spells                   Type           Power      Damage    Failure   Level
 Dazzling Flash           Conj/Hex       58%        N/A       7%          3
 Fulminant Prism          Conj/Hex       14%        3d9       22%         4
 Passage of Golubria      Tloc           29%        N/A       22%         4
 Dispel Undead            Necr           10%        3d9       71%         4
 Silence                  Hex/Air        5%         N/A       96%         5
 Death Channel            Necr           5%         N/A       100%        6
 Lehudib's Crystal Spear  Conj/Erth      14%        10d5      100%        8
 Corpse Rot               Necr/Pois/Air  Unusable   N/A       N/A         4

Dungeon Overview and Level Annotations

Branches:
Dungeon (7/15) Zot: 23841
 Temple: D:4-7

Altars:
Cheibriados
Gozag
Kikubaaqudgha
Makhleb
Nemelex Xobeh
Ru
Zin
The Shining One

Shops:
D:7 *


Message History

Found 4 poisoned darts.
Found an opulent altar of Gozag.
A necrophage comes into view.
Casting: Searing Ray (safe; 1% risk of failure)
Confirm with . or Enter, or press ? or * to list all spells.
Aiming: Searing Ray (safe; 1% risk of failure)
Press: ? - help, Shift-Dir - straight line, f - necrophage
Aim: a necrophage (82% to hit)
The searing ray hits the necrophage!
The necrophage is heavily damaged. (Press . to maintain the ray.)
The searing ray hits the necrophage.
The necrophage is severely damaged.
The searing ray hits the necrophage!
You destroy the necrophage!
Your Spellcasting skill increases to level 9!
Found Gozag's Platinum Reserve.
g - 3 scrolls of magic mapping (gained 1) Why would you want to do that?
Why would you want to do that?
There is an opulent altar of Gozag here.
There is an entrance to Gozag's Platinum Reserve here.
You can access your shopping list by pressing '$'.
There is an opulent altar of Gozag here.
You kneel at the altar of Gozag.
Gozag welcomes you!
You pay a service fee of 144 gold.
Found a pair of boots.
There is a stone staircase leading down here.
e - 3 potions of lignification (gained 1)
You now have 318 gold pieces (gained 15).
A two-headed ogre comes into view.
It is wielding a +0 giant club and a +0 dire flail.
The helpless two-headed ogre fails to defend itself.
You stick the two-headed ogre like a pincushion!!!
The two-headed ogre is almost dead.
The two-headed ogre hits you with a +0 giant club!!
Ouch! That really hurt!
The two-headed ogre hits you with a +0 dire flail!!
You die...
Your body crumbles into a pile of gold.

...≈#.....[...# #.....##.....
≈≈≈≈#.........#
####.........#..
#####.........#
#.<#......####.. #.........#
#.##.......###.# #.........#
#............... #.........#
#..#.....#>....#
##############......######.##
.......O#.#####........#
.......@#.#####.#####...
................# ...#
......!.######### ####
........# # ........# .#####
........# ...... .########
...... ...... ......


You could see a two-headed ogre.

Vanquished Creatures
  Grinder (D:4)
  A wyvern (D:7)
  Menkaure (D:6)
  An ice beast (D:4)
  2 black bears
  2 ogres
  A centaur (D:7)
  2 kobold brigands
  A phantom (D:4)
  3 bullfrogs
  2 necrophages
  3 scorpions
  2 hounds
  3 jellies
  6 orc priests
  5 iguanas
  3 orc wizards
  4 adders
  3 white imps (D:6)
  A worm (D:6)
  5 dart slugs
  17 orcs
  A bat (D:3)
  5 endoplasms
  4 giant cockroaches
  8 goblins
  5 hobgoblins
  18 kobolds
  5 quokkas
  2 ball pythons (D:3)
  A frilled lizard (D:3)
  3 rats
121 creatures vanquished.

Notes
Turn   | Place    | Note
-------+----------+-------------------------------------------
     0 | D:1      | mortz the Deep Elf Conjurer began the quest for the Orb.
     0 | D:1      | Reached XP level 1. HP: 10/10 MP: 6/6
   192 | D:1      | Reached XP level 2. HP: 15/15 MP: 6/8
   999 | D:2      | Reached skill level 5 in Conjurations
  1117 | D:2      | Reached XP level 3. HP: 20/20 MP: 7/10
  1120 | D:2      | Learned a level 2 spell: Searing Ray
  1402 | D:2      | Identified the +8 dagger "Mesch" {vorpal, rElec Will+++
                  | Int-4}
  2423 | D:3      | Found a faded altar of an unknown god.
  2993 | D:4      | Reached skill level 4 in Spellcasting
  2993 | D:4      | Reached XP level 4. HP: 24/24 MP: 7/12
  3347 | D:4      | Noticed a scorpion
  3359 | D:4      | Killed a scorpion
  3360 | D:4      | Reached XP level 5. HP: 24/28 MP: 5/13
  3365 | D:4      | Learned a level 4 spell: Iskenderun's Mystic Blast
  3722 | D:4      | Noticed Grinder
  3725 | D:4      | HP: 1/28 [Grinder (3)]
  4059 | D:4      | Noticed an ogre
  4065 | D:4      | Killed an ogre
  4066 | D:4      | Reached skill level 1 in Fighting
  4066 | D:4      | Reached skill level 1 in Short Blades
  4066 | D:4      | Reached skill level 5 in Spellcasting
  4066 | D:4      | Reached XP level 6. HP: 34/34 MP: 6/15
  4209 | D:4      | Found an ancient bone altar of Kikubaaqudgha.
  4214 | D:4      | Found a burning altar of Makhleb.
  4217 | D:4      | Found a sacrificial altar of Ru.
  4336 | D:4      | Killed Grinder
  4337 | D:4      | Reached skill level 5 in Stealth
  4462 | D:4      | Reached XP level 7. HP: 35/38 MP: 14/17
  4631 | D:4      | Reached skill level 6 in Spellcasting
  5021 | D:5      | Entered Level 5 of the Dungeon
  5384 | D:5      | Reached skill level 1 in Evocations
  5513 | D:5      | You fall into a shaft and drop 2 floors!
  5566 | D:6      | Reached skill level 1 in Translocations
  5701 | D:6      | Reached XP level 8. HP: 16/43 MP: 12/20
  5739 | D:6      | Reached skill level 7 in Spellcasting
  6352 | D:6      | Noticed Menkaure
  6791 | D:6      | Found the +6 arbalest "Damnation" {damnation}
  6854 | D:6      | Killed Menkaure
  6944 | D:6      | Reached skill level 8 in Spellcasting
  7089 | D:6      | Found a snail-covered altar of Cheibriados.
  7255 | D:6      | Found a sparkling altar of Nemelex Xobeh.
  7348 | D:7      | Found the +12 glaive of Prune {vorpal}
  7577 | D:7      | Found a glowing silver altar of Zin.
  7722 | D:7      | Reached XP level 9. HP: 16/48 MP: 15/23
  8208 | D:7      | Found a glowing golden altar of the Shining One.
  8458 | D:7      | Found an opulent altar of Gozag.
  8463 | D:7      | Reached skill level 9 in Spellcasting
  8488 | D:7      | Found Gozag's Platinum Reserve.
  8508 | D:7      | Became a worshipper of Gozag Ym Sagoz the Greedy
  8659 | D:7      | Noticed a two-headed ogre
  8661 | D:7      | Slain by a two-headed ogre

Illustrated notes

Levels and vault maps discovered:
D:1:      minmay_arrival_doors, layout_loops_ring, minmay_misc_feat_columns
D:2:      layout_loops_ring, dreamdust_princess_corridor
D:3:      kb_forest_paths, layout_loops_corners, basic_ecumenical_altar
D:4:      minmay_chambers_of_twos, layout_loops_ring,
          minmay_overflow_temple_star_quad, uniq_grinder
D:5:      layout_basic, minivault_24
D:6:      layout_rooms, cheibrodos_worm_habitat, nemelex_dance_club_becter,
          minmay_checkerbox, uniq_menkaure
D:7:      layout_basic, zin_academy, old_standard_altar,
          nicolae_gozag_zags_fifth_avenue, minmay_temple_entry_nine_rooms

Skill      XL: |  1  2  3  4  5  6  7  8  9 |
---------------+----------------------------+-----
Conjurations   | 5 6 7 |  7.5
Stealth        | 3 4 5 7 8 |  8.6
Spellcasting   | 4 5 6 8 9 |  9.0
Fighting       | 1 |  1.9
Short Blades   | 1 2 |  2.7
Dodging        | 3 4 |  4.0
Evocations     | 1 |  1.3
Translocations | 1 3 |  3.8

Action                   |  1- 3 |  4- 6 |  7- 9 || total
-------------------------+-------+-------+-------++-------
Melee: Dagger            |    12 |     5 |    19 ||    36
 Cast: Magic Dart        |    50 |    18 |    28 ||    96
       Searing Ray       |     3 |    15 |    45 ||    63
       Iskenderun's Myst |       |       |     1 ||     1
Evoke: Wand              |       |     2 |       ||     2
  Use: Scroll            |     6 |     2 |     4 ||    12
       Potion            |       |       |     1 ||     1
 Stab: Sleeping          |     7 |     1 |    11 ||    19
       Distracted        |       |       |     1 ||     1
Armor: Robe              |     2 |       |     4 ||     6
Dodge: Dodged            |    13 |    13 |    39 ||    65
